 Dungeon Crawl Stone Soup version 0.31.0-11-ge490571c62 (console) character file.

Game seed: 122706101009622363

38 jejorda2 the Trooper (level 3, -2/33 HPs)
             Began as a Draconian Berserker on Feb 2, 2024.
             Was a Follower of Trog.
             Frozen to death by an endoplasm (5 damage)
             ... on level 2 of the Dungeon.
             The game lasted 00:02:02 (917 turns).

jejorda2 the Trooper (Draconian Berserker)           Turns: 917, Time: 00:02:04

Health: -2/33      AC:  5    Str: 18 (21) XL:     3   Next: 25%
Magic:  3/3        EV: 12    Int:  5 (7)  God:    Trog [*.....]
Gold:   29         SH:  0    Dex:  9 (10) Spells: 2/2 levels left

rFire   . .          .
                       - Unarmed
rCold   . . .        (no shield)
rNeg    . . .        (body armour unavailable)
rPois   .            (helmet restricted)
rElec   .            (no cloak)
rCorr   .            (no gloves)
SInv    .            (no boots)
Will    ++...        (no amulet)
Stlth   +            (no ring)
HPRegen 1.25/turn    (no ring)
MPRegen 0.08/turn

%: no passive effects
@: strong-willed, regenerating, slowed, very slow
A: AC +5, unfitting armour, cold-blooded
a: Renounce Religion, Berserk


You were on level 2 of the Dungeon.
You worshipped Trog.
Trog was aware of your devotion.
You visited 1 branch of the dungeon, and saw 2 of its levels.

You collected 29 gold pieces.

Inventory:

Missiles
 a - 4 poisoned darts (quivered)
 b - 5 boomerangs
Scrolls
 c - a scroll of teleportation {unknown}
 e - a scroll of fear {unknown}
Potions
 d - a potion of degeneration
 f - a potion of curing {unknown}


   Skills:
 + Level 3.7 Fighting
 - Level 2.6 Dodging
 + Level 3.3 Unarmed Combat
 * Level 1.8 Shapeshifting


You had 2 spell levels left.
You didn't know any spells.
Your spell library was empty.

Dungeon Overview and Level Annotations

Branches:
Dungeon (2/15)

Altars:
Ru


Innate Abilities, Weirdness & Mutations

Your plain brown scales are hard. (AC +5)
You cannot fit into any form of body armour.
You are cold-blooded and may be slowed by cold attacks.


Message History

The adder bites you but does no damage.
You closely miss the adder.
The adder is severely wounded.
The adder bites you.
You are poisoned.
The adder poisons you! The endoplasm freezes you.
You are frozen.
The adder bites you. The endoplasm completely misses you.
You punch the adder!
You kill the adder!
Trog accepts your kill.
You feel sick. The endoplasm freezes you.
You are frozen.
* * * LOW HITPOINT WARNING * * *
You hit the endoplasm but do no damage.
You feel sick. The endoplasm freezes you.
You are frozen.
* * * LOW HITPOINT WARNING * * *
You feel as though you will be slow longer.
The endoplasm freezes you.
You are frozen.
* * * LOW HITPOINT WARNING * * *
Unknown command.
Okay, then.
Unknown command.
Your skin crawls.
You feel strong-willed.
You can no longer call upon Trog for regeneration and willpower.
* * * LOW HITPOINT WARNING * * *
You feel sick.
You are no longer poisoned.
The endoplasm completely misses you.
It was a potion of degeneration.
There was something very wrong with that liquid.
You feel weakened.
You feel dopey.
You feel clumsy.
The endoplasm hits you but does no damage.
The endoplasm freezes you.
You are frozen.
You die...

##......# #.......#
###.#.._..###
#...........#
#...........#
#...........#
############...........#
...........'...........'
############....@J.....#
#...........#
#...........#
#...........#
#############


You could see an endoplasm.

Vanquished Creatures
  An adder (D:2)
  A dart slug (D:1)
  4 ball pythons
  An endoplasm (D:2)
  2 giant cockroaches
  A goblin (D:1)
  4 hobgoblins
  3 quokkas
  2 bats (D:1)
  A frilled lizard (D:1)
  2 kobolds (D:1)
  3 rats (D:1)
25 creatures vanquished.

Notes
Turn   | Place    | Note
-------+----------+-------------------------------------------
     0 | D:1      | jejorda2 the Draconian Berserker began the quest for the
                  | Orb.
     0 | D:1      | Reached XP level 1. HP: 19/19 MP: 1/1
   187 | D:1      | Found a faded altar of an unknown god.
   267 | D:1      | Reached skill level 1 in Shapeshifting
   267 | D:1      | Reached XP level 2. HP: 26/26 MP: 2/2
   896 | D:2      | Reached ** piety under Trog
   899 | D:2      | Found a sacrificial altar of Ru.
   903 | D:2      | Reached XP level 3. HP: 31/31 MP: 3/3
   915 | D:2      | HP: 1/33 [frozen (5)]
   917 | D:2      | Frozen to death by an endoplasm

Illustrated notes

Levels and vault maps discovered:
D:1:      kilobyte_arrival_exit_the_forest, layout_basic,
          chequers_ecumenical_altar_island
D:2:      layout_basic, basic_altar

Skill      XL: |  1 |
---------------+----+-----
Shapeshifting  | 1 |  1.8
Fighting       | |  3.7
Dodging        | |  2.6
Unarmed Combat | |  3.3

Action                     || total
---------------------------++-------
  Melee: Unarmed           ||    83
         Tailslap          ||     4
         Punch             ||     3
 Invoke: Trog's Hand       ||     1
    Use: Potion            ||     1
 Armour: Skin              ||    28
  Dodge: Dodged            ||    54
